 Dungeon Crawl Stone Soup version 0.28.0 (webtiles) character file.

Game seed: 854609605916813604

115 themarg the Bolt Thrower (level 5, -5/43 HPs)
             Began as a Gnoll Wanderer on Feb 5, 2022.
             Was an Initiate of Ashenzari.
             Killed from afar by an orc wizard (8 damage)
             ... with a magic dart
             ... on level 4 of the Dungeon.
             The game lasted 00:24:15 (2398 turns).

themarg the Bolt Thrower (Gnoll Wanderer)           Turns: 2398, Time: 00:24:16

Health: -5/43      AC: 10    Str: 13    XL:     5   Next: 0%
Magic:  15/15      EV:  8    Int: 10    God:    Ashenzari [......]
Gold:   153        SH:  0    Dex: 13    Spells: 6/6 levels left

rFire   x . .      SeeInvis .   r - +0 hand axe (flame)
rCold   + + .      Faith    .   (no shield)
rNeg    . . .      Spirit   .   h - +0 ice dragon scales of Supernal Knowledge {rF- rC++, Bglg, Evo} (curse)
rPois   .          Reflect  .   (no helmet)
rElec   .          Harm     .   (no cloak)
rCorr   .          Rampage  .   (no gloves)
Will    .....                   (no boots)
Stlth   ..........              (no amulet)
HPRegen 0.14/turn               s - ring of magical power
MPRegen 0.14/turn               (no ring)

@: confused
A: fangs 1, strong nose, distributed training
a: Renounce Religion, Shatter the Chains


You were on level 4 of the Dungeon.
You worshipped Ashenzari.
Ashenzari was noncommittal.
You visited 1 branch of the dungeon, and saw 4 of its levels.

You collected 153 gold pieces.

Inventory:

Hand Weapons
 c - a +0 shortbow
 n - a +0 club
 r - a +0 hand axe of flaming (weapon)
 u - a +0 hand axe
Missiles
 b - 5 bolts
 d - 73 arrows
 t - 7 poisoned darts (quivered)
Armour
 e - a +0 pair of boots
 f - a +0 leather armour
 h - the cursed +0 ice dragon scales of Supernal Knowledge (worn) {rF- rC++, Bglg, Evo}
   (You found it on level 1 of the Dungeon)

   rF:        It makes you vulnerable to fire.
   rC:        It greatly protects you from cold.
   It has a curse which improves the following skills: Beguiling: Conjurations,
   Hexes and Translocations.
   Evocations: Evocations.
Jewellery
 s - a ring of magical power (left hand)
Scrolls
 a - a scroll of fear
 g - 2 scrolls of fog
 i - 4 scrolls of identify
 j - a scroll of vulnerability
 l - a scroll of blinking
 m - a scroll of teleportation
 p - a scroll of enchant weapon
Potions
 k - a potion of flight


   Skills:
 + Level 4.7 Fighting
 + Level 1.3 Short Blades
 + Level 1.3 Long Blades
 + Level 1.3 Axes
 + Level 1.3 Maces & Flails
 + Level 1.3 Polearms
 + Level 1.3 Staves
 + Level 1.3 Slings
 + Level 6.6 Bows
 + Level 6.6 Crossbows
 + Level 1.3 Throwing
 + Level 2.8 Armour
 + Level 1.3 Dodging
 + Level 2.6 Stealth
 + Level 1.3 Shields
 + Level 1.3 Unarmed Combat
 + Level 1.3 Spellcasting
 + Level 1.0(1.3) Conjurations
 + Level 1.0(1.3) Hexes
 + Level 1.0 Summonings
 + Level 1.0 Necromancy
 + Level 1.0(1.3) Translocations
 + Level 1.0 Transmutations
 + Level 1.0 Fire Magic
 + Level 1.0 Ice Magic
 + Level 1.0 Air Magic
 + Level 1.0 Earth Magic
 + Level 1.0 Poison Magic
 + Level 1.4 Invocations
 + Level 1.3(1.6) Evocations


You had 6 spell levels left.
You didn't know any spells.
Your spell library was empty.

Dungeon Overview and Level Annotations

Branches:
Dungeon (4/15)
 Temple: D:4-7

Altars:
Ashenzari
Zin

Shops:
D:4 *


Innate Abilities, Weirdness & Mutations

You have very sharp teeth.
Your uncanny sense of smell can sniff out nearby items.
Your experience applies equally to all skills.


Message History

Your bite misses something. Something hits you.
You miss something.
You hear some strange, mumbled words.
A puff of flame appears from out of thin air!
The puff of flame hits you but does no damage.
You closely miss something. Something hits you.
Something hits you but does no damage.
You miss something. Something hits you.
You miss something. Something hits you.
The hobgoblin throws a poisoned dart.
The poisoned dart hits you!
You are poisoned.
You barely miss something.
You feel very sick. Something hits you but does no damage.
You hit something. You burn something. You hit the hobgoblin.
You burn the hobgoblin.
You feel sick. Something hits you. The hobgoblin barely misses you.
You closely miss something. You hit the hobgoblin. You burn the hobgoblin.
You feel sick. Something hits you but does no damage.
The hobgoblin hits you but does no damage.
Something hits you but does no damage. The hobgoblin closely misses you.
You miss something. You hit the hobgoblin but do no damage.
You feel sick.
You hear some strange, mumbled words.
A magic dart appears from out of thin air!
The magic dart hits you.
* * * LOW HITPOINT WARNING * * *
The hobgoblin hits you but does no damage.
You hit something. You burn something. Your bite misses something.
You hit the hobgoblin but do no damage.
You feel sick. Something hits you.
* * * LOW HITPOINT WARNING * * *
The hobgoblin hits you but does no damage.
You miss something. You closely miss the hobgoblin.
You feel sick.
You are no longer poisoned.
You hear some strange, mumbled words.
You are confused.
The hobgoblin hits you but does no damage.
You hear some strange, mumbled words.
A magic dart appears from out of thin air!
The magic dart hits you!
You die...

##+### #....# #....#
#....# #....# #..@.# #.#
#.g{.# #.# ##....## #.#
##...$..##########.#
..................##.#
...............)..##.#
..................##.###
.....?.......#.#........
####+#......#...#..#####


You could see a hobgoblin.

Vanquished Creatures
  4 adders
  2 worms
  A dart slug (D:2)
  7 orcs
  5 bats
  5 endoplasms
  A giant cockroach (D:1)
  5 goblins
  5 hobgoblins
  10 jackals
  3 kobolds (D:2)
  2 quokkas
  3 ball pythons
  A frilled lizard (D:3)
  5 rats
59 creatures vanquished.

Vanquished Creatures (others)
  7 plants (D:3)
7 creatures vanquished.

Grand Total: 66 creatures vanquished

Notes
Turn   | Place    | Note
-------+----------+-------------------------------------------
     0 | D:1      | themarg the Gnoll Wanderer began the quest for the Orb.
     0 | D:1      | themarg set off with the following items: a +2 hand
                  | crossbow, 25 bolts, a +0 shortbow, 28 arrows, a +0 pair of
                  | boots, a +0 leather armour
     0 | D:1      | Reached XP level 1. HP: 20/20 MP: 1/1
    72 | D:1      | Found a faded altar of an unknown god.
   102 | D:1      | Prayed at the altar of an unknown god.
   102 | D:1      | Became a worshipper of Ashenzari the Shackled
   181 | D:1      | Reached XP level 2. HP: 23/26 MP: 2/2
   463 | D:2      | Reached XP level 3. HP: 27/31 MP: 3/3
   800 | D:2      | Reached skill level 1 in Invocations
   829 | D:2      | Reached * piety under Ashenzari
   855 | D:2      | Reached skill level 1 in Short Blades
   855 | D:2      | Reached skill level 1 in Long Blades
   855 | D:2      | Reached skill level 1 in Axes
   855 | D:2      | Reached skill level 1 in Maces & Flails
   855 | D:2      | Reached skill level 1 in Polearms
   855 | D:2      | Reached skill level 1 in Staves
   855 | D:2      | Reached skill level 1 in Slings
   855 | D:2      | Reached skill level 1 in Throwing
   855 | D:2      | Reached skill level 1 in Dodging
   855 | D:2      | Reached skill level 1 in Shields
   855 | D:2      | Reached skill level 1 in Unarmed Combat
   855 | D:2      | Reached skill level 1 in Spellcasting
   855 | D:2      | Reached skill level 1 in Evocations
   855 | D:2      | Reached XP level 4. HP: 37/38 MP: 5/5
   919 | D:2      | Found a glowing silver altar of Zin.
  1588 | D:3      | Noticed an orc warrior
  1649 | D:3      | Reached skill level 1 in Conjurations
  1649 | D:3      | Reached skill level 1 in Hexes
  1649 | D:3      | Reached skill level 1 in Summonings
  1649 | D:3      | Reached skill level 1 in Necromancy
  1649 | D:3      | Reached skill level 1 in Translocations
  1649 | D:3      | Reached skill level 1 in Transmutations
  1649 | D:3      | Reached skill level 1 in Fire Magic
  1649 | D:3      | Reached skill level 1 in Ice Magic
  1649 | D:3      | Reached skill level 1 in Air Magic
  1649 | D:3      | Reached skill level 1 in Earth Magic
  1649 | D:3      | Reached skill level 1 in Poison Magic
  1791 | D:3      | HP: 1/38 [orc warrior (15)]
  2340 | D:4      | Found Madir's Overcharged Wands.
  2386 | D:4      | Reached XP level 5. HP: 27/43 MP: 6/6
  2398 | D:4      | Killed from afar by an orc wizard

Illustrated notes

Levels and vault maps discovered:
D:1:      roderic_chinese_lattice_arrival, layout_rooms,
          ebering_ecumenical_altar_webs, minmay_tiny_reverse_x
D:2:      layout_basic, basic_altar
D:3:      wad_lake_hut, layout_rooms, lightli_temple_of_fire
D:4:      layout_basic, serial_shops, shop_fountains, st_stairs_4,
          nicolae_shop_overcharged_wands

Skill      XL: |  1  2  3  4 |
---------------+-------------+-----
Invocations    | 1 |  1.4
Short Blades   | 1 |  1.3
Long Blades    | 1 |  1.3
Axes           | 1 |  1.3
Maces & Flails | 1 |  1.3
Polearms       | 1 |  1.3
Staves         | 1 |  1.3
Slings         | 1 |  1.3
Throwing       | 1 |  1.3
Dodging        | 1 |  1.3
Shields        | 1 |  1.3
Unarmed Combat | 1 |  1.3
Spellcasting   | 1 |  1.3
Evocations     | 1 |  1.3
Conjurations   | 1 |  1.0
Hexes          | 1 |  1.0
Summonings     | 1 |  1.0
Necromancy     | 1 |  1.0
Translocations | 1 |  1.0
Transmutations | 1 |  1.0
Fire Magic     | 1 |  1.0
Ice Magic      | 1 |  1.0
Air Magic      | 1 |  1.0
Earth Magic    | 1 |  1.0
Poison Magic   | 1 |  1.0
Fighting       | |  4.7
Bows           | |  6.6
Crossbows      | |  6.6
Armour         | |  2.8
Stealth        | |  2.6

Action                   |  1- 3 |  4- 6 || total
-------------------------+-------+-------++-------
Melee: Hand axe          |       |    59 ||    59
       Bite              |       |     6 ||     6
       Punch             |       |     3 ||     3
 Fire: Hand crossbow     |    61 |    58 ||   119
Invok: Curse Item        |     2 |       ||     2
       Shatter the Chain |       |     1 ||     1
  Use: Scroll            |       |     1 ||     1
       Potion            |       |     1 ||     1
Armor: Ice dragon scales |    22 |    69 ||    91
Dodge: Dodged            |    15 |    37 ||    52
